 Dungeon Crawl Stone Soup version 0.30-a0-279-g4b46babb21 (webtiles) character file.

Game seed: 15898693026034496521

850 rogsnak the Conjurer (level 8, -1/42 HPs)
             Began as a Tengu Air Elementalist on Oct 16, 2022.
             Shot with an arrow by a centaur (13 damage)
             ... on level 5 of the Dungeon.
             The game lasted 00:13:53 (5386 turns).

rogsnak the Conjurer (Tengu Air Elementalist)       Turns: 5386, Time: 00:13:53

Health: -1/42      AC:  2    Str:  9    XL:     8   Next: 1%
Magic:  6/15       EV: 15    Int: 17    God:
Gold:   184        SH:  0    Dex: 15    Spells: 7/16 levels left

rFire   . . .      SeeInvis .    s - +1 whip (drain)
rCold   . . .      Faith    .    (no shield)
rNeg    . . .      Spirit   .    a - +0 robe
rPois   .          Reflect  .    (helmet restricted)
rElec   .          Harm     .    (no cloak)
rCorr   .          Rampage  .    (no gloves)
Will    .....                    (boots unavailable)
Stlth   ++........               x - amulet of the acrobat
HPRegen 0.27/turn                (no ring)
MPRegen 0.14/turn                (no ring)

@: flying quickly and evasively, quick
A: beak, talons 3, nimble flight
a: no special abilities


You were on level 5 of the Dungeon.
You visited 1 branch of the dungeon, and saw 5 of its levels.
You also visited: Sewer.

You collected 184 gold pieces.

Inventory:

Hand Weapons
 n - a +0 spear
 o - a +0 rapier
 s - a +1 whip of draining (weapon)
 w - a +1 flail of protection
Missiles
 b - 10 poisoned darts
 d - 69 stones
 i - 2 boomerangs
Armour
 a - a +0 robe (worn)
 r - a +0 buckler
Jewellery
 g - a ring of ice
 x - an amulet of the acrobat (around neck)
Wands
 f - a wand of light (9)
 t - a wand of polymorph (8)
Scrolls
 e - 5 scrolls of identify {unknown}
 h - 2 scrolls of enchant weapon {unknown}
 j - 2 scrolls of teleportation {unknown}
 k - a scroll of vulnerability {unknown}
 p - 3 scrolls of noise {unknown}
 q - 2 scrolls of enchant armour {unknown}
 y - a scroll of butterflies {unknown}
Potions
 c - 5 potions of curing
 l - 2 potions of attraction {unknown}
 m - 3 potions of degeneration {unknown}
 u - 2 potions of heal wounds
 v - a potion of resistance {unknown}


   Skills:
 + Level 0.9 Fighting
 + Level 2.9 Dodging
 - Level 2.3 Stealth
 + Level 4.5 Spellcasting
 * Level 7.2 Conjurations
 + Level 6.9 Air Magic


You had 7 spell levels left.
You knew the following spells:

 Your Spells              Type           Power      Damage    Failure   Level
a - Shock                 Conj/Air       100%       1d9       1%          1
b - Airstrike             Air            13%        2d(2-18)  9%          4
c - Sticky Flame          Conj/Fire      16%        2d4       32%         4

Your spell library contained the following spells:

 Spells                   Type           Power      Damage    Failure   Level
 Static Discharge         Conj/Air       54%        2-5/arc   1%          2
 Swiftness                Air            27%        N/A       2%          3
 Foxfire                  Conj/Fire      64%        2x1d7     3%          1
 Call Canine Familiar     Summ           3%         N/A       41%         3
 Gell's Gravitas          Tloc           3%         N/A       41%         3
 Ignite Poison            Fire/Tmut/Pois 3%         N/A       41%         3
 Lesser Beckoning         Tloc           6%         N/A       41%         3
 Portal Projectile        Hex/Tloc       6%         N/A       41%         3
 Teleport Other           Tloc           3%         N/A       41%         3
 Fireball                 Conj/Fire      8%         3d6       67%         5
 Leda's Liquefaction      Hex/Erth       1%         N/A       83%         4
 Starburst                Conj/Fire      8%         6d4       99%         6
 Ignition                 Fire           1%         3d3       100%        8


Dungeon Overview and Level Annotations

Branches:
Dungeon (5/15)              Sewer (visited)
 Temple: D:4-7

Altars:
Dithmenos
Gozag
Nemelex Xobeh

Shops:
D:5 *


Innate Abilities, Weirdness & Mutations

You have a beak for a mouth.
You have claws for feet.
Your magical nature lets you fly swiftly and evasively.


Message History

You kill the scorpion!
You have reached level 8!
You feel agile.
You start resting.
HP restored.
You start resting.
A centaur comes into view.
The centaur moves out of view.
You start resting.
A centaur is nearby!
The centaur shouts!
The centaur wields a +0 shortbow.
The centaur shoots an arrow.
The arrow misses you.
There is an open door here.
The centaur shoots an arrow.
The arrow hits you!
As you close the door, it creaks loudly!
Something unseen opens the door.
Items here: )) [ †.
The centaur shoots an arrow.
The arrow hits you!
The centaur shoots an arrow.
The arrow closely misses you.
The centaur shoots an arrow.
The arrow completely misses you.
The centaur shoots an arrow.
The arrow hits you!
The centaur shoots an arrow.
The arrow completely misses you.
Things that are here:
a +0 dagger; a +0 robe; an orc corpse The centaur shoots an arrow.
The arrow closely misses you.
The centaur shoots an arrow.
The arrow completely misses you.
The centaur shoots an arrow.
The arrow hits you!
* * * LOW HITPOINT WARNING * * *
Casting: Shock (safe; 1% risk of failure)
Confirm with . or Enter, or press ? or * to list all spells.
Aiming: Shock (safe; 1% risk of failure)
Press: ? - help, Shift-Dir - straight line The zap hits the centaur.
The centaur is lightly wounded.
The zap hits the centaur.
The centaur is heavily wounded.
The centaur shoots an arrow.
The arrow closely misses you.
The centaur shoots an arrow.
The arrow hits you!
You die...

#### ### #.. ..# #.###########.#
#####.##..........#
##....[......#@....# ##########
###...c.....##.#.#.#.# #........O
.....###.#####.#.#.#.###†########
####.# #.c...c.c.................
#.# #######.#......##.#######.
####.# #.###.........# #. ...).#
#.# ####.####.# #. ###### #.# #.#
.# #. #.# #.### # #.


You could see a centaur.

Vanquished Creatures
  2 ogres (D:5)
  A kobold brigand (Sewer)
  Blork the orc (D:4)
  2 scorpions (D:5)
  2 hounds
  An orc priest (D:5)
  An iguana (D:5)
  2 orc wizards (D:5)
  3 gnolls (D:4)
  6 adders
  A river rat (D:4)
  3 ufetubi (D:5)
  3 worms
  6 dart slugs (D:1)
  16 orcs
  6 ball pythons
  10 endoplasms
  6 giant cockroaches
  7 goblins
  4 hobgoblins
  5 jackals
  13 kobolds
  4 quokkas
  12 bats
  6 frilled lizards
  4 rats
127 creatures vanquished.

Vanquished Creatures (others)
  A fungus (D:4)
  2 plants (D:2)
3 creatures vanquished.

Grand Total: 130 creatures vanquished

Notes
Turn   | Place    | Note
-------+----------+-------------------------------------------
     0 | D:1      | rogsnak the Tengu Air Elementalist began the quest for the
                  | Orb.
     0 | D:1      | Reached XP level 1. HP: 10/10 MP: 4/4
   120 | D:1      | Reached XP level 2. HP: 15/15 MP: 0/6
   465 | D:1      | Reached XP level 3. HP: 19/19 MP: 4/7
   662 | D:1      | Reached skill level 2 in Conjurations
  1314 | D:1      | Reached XP level 4. HP: 24/24 MP: 5/8
  1577 | D:1      | Reached skill level 3 in Conjurations
  1749 | D:2      | Reached skill level 5 in Air Magic
  1755 | D:2      | Upgraded the game from 0.30-a0-272-gf98c3da03f to
                  | 0.30-a0-279-g4b46babb21
  1760 | D:2      | Learned a level 4 spell: Airstrike
  2660 | D:3      | Found an opulent altar of Gozag.
  2660 | D:3      | Found a shadowy altar of Dithmenos.
  2699 | D:3      | Gained mutation: Your magical nature lets you fly swiftly
                  | and evasively. [Tengu growth]
  2699 | D:3      | Reached XP level 5. HP: 22/28 MP: 7/10
  2837 | D:3      | Found a faded altar of an unknown god.
  3158 | D:4      | Found a glowing drain.
  3273 | Sewer    | Entered a sewer
  3349 | Sewer    | Noticed a kobold brigand
  3378 | Sewer    | Killed a kobold brigand
  3379 | Sewer    | Reached skill level 4 in Conjurations
  3456 | Sewer    | Found a white marble altar of Elyvilon.
  3505 | D:4      | Reached XP level 6. HP: 32/32 MP: 7/12
  3950 | D:4      | Reached skill level 5 in Conjurations
  4114 | D:4      | Noticed Blork the orc
  4121 | D:4      | Learned a level 4 spell: Sticky Flame
  4127 | D:4      | Killed Blork the orc
  4471 | D:4      | Found a sparkling altar of Nemelex Xobeh.
  4534 | D:5      | Entered Level 5 of the Dungeon
  4595 | D:5      | Found Pavashrext's Assorted Antiques.
  4763 | D:5      | Reached XP level 7. HP: 37/37 MP: 9/14
  4974 | D:5      | Reached skill level 6 in Conjurations
  5331 | D:5      | Reached skill level 7 in Conjurations
  5342 | D:5      | Reached XP level 8. HP: 41/42 MP: 2/15
  5386 | D:5      | Shot with an arrow by a centaur

Illustrated notes

Levels and vault maps discovered:
D:1:      dpeg_cavernosity, layout_loops_ring, st_stairs_9
D:2:      layout_rooms, serial_bayou_lagoon_b
D:3:      layout_loops_cross, nicolae_overflow_two_pavilions,
          hellmonk_ecumenical_altar_heavens_door
D:4:      layout_basic, kennysheep_little_box, cheibrodos_sewer_entry_sluice,
          dreamdust_gnoll_farm, uniq_blork_the_orc
D:5:      minmay_bubble_buster, layout_loops_ring, nicolae_stop_n_shop_1

Skill      XL: |  1  2  3  4  5  6  7 |
---------------+----------------------+-----
Conjurations   | 2 3 4 5 7 |  7.2
Air Magic      | 5 6 |  6.9
Spellcasting   | 3 4 |  4.5
Fighting       | |  0.9
Dodging        | |  2.9
Stealth        | |  2.3

Action                   |  1- 3 |  4- 6 |  7- 9 || total
-------------------------+-------+-------+-------++-------
Melee: Unarmed           |    12 |       |       ||    12
       Kick              |     6 |     8 |       ||    14
       Peck              |     3 |     1 |       ||     4
       Dagger            |     5 |       |       ||     5
       Hand axe          |     5 |       |       ||     5
       Whip              |       |    28 |       ||    28
       Punch             |       |     2 |       ||     2
 Cast: Shock             |    71 |   153 |    37 ||   261
  Use: Potion            |       |     2 |       ||     2
Armor: Robe              |     3 |     7 |     1 ||    11
Dodge: Dodged            |    16 |    41 |    12 ||    69

Table legend: (Time is in decaauts)
 A = Elapsed time spent in this place.
 B = Non-inter-level travel time spent in this place.
 C = Inter-level travel time spent in this place.
 D = Time resting spent in this place.
 E = Time spent auto-exploring this place.
 F = Levels seen in this place.
 G = Mean time per level.
                   A        B        C        D        E       F      G
               +--------+--------+--------+--------+--------+-----+--------+
         Total |   5236 |   5099 |    137 |    608 |   3446 |   6 |  872.7 |
       Dungeon |   5027 |   4890 |    137 |    557 |   3423 |   5 | 1005.4 |
         Sewer |    209 |    209 |      0 |     51 |     22 |   1 |  209.0 |
               +--------+--------+--------+--------+--------+-----+--------+

Top non-repeatable levels by time:
     D:1: 1632 daAuts
     D:4: 1150 daAuts
     D:5: 794 daAuts
     D:3: 784 daAuts
     D:2: 665 daAuts
   Sewer: 209 daAuts
